 Dungeon Sprint DCSS version 0.27-a0-1232-gc6a4cbde82 (webtiles) character file.

Game seed: 1496750364407223601

1231 rocky1 the Carver (level 8, -6/69 HPs)
             Began as a Formicid Fighter on June 9, 2021.
             Was a Believer of Cheibriados.
             Killed from afar by Erica (25 damage)
             ... with a bolt of poison
             ... in the Dungeon (Sprint III: "The Ten Rune Challenge").
             The game lasted 00:04:07 (964 turns).

rocky1 the Carver (Formicid Fighter)                 Turns: 964, Time: 00:04:09

Health: -6/69      AC:  8    Str: 29    XL:     8   Next: 77%
Magic:  12/12      EV: 13    Int: 16    God:    Cheibriados [**....]
Gold:   35         SH: 13    Dex: 16    Spells: 7/7 levels left

rFire    . . .     SeeInvis +   o - +2 long sword (holy)
rCold    + . .     Faith    .   c - +0 kite shield
rNeg     . . .     Spirit   .   b - +0 scale mail
rPois    .         Reflect  .   (helmet unavailable)
rElec    .         Harm     .   (no cloak)
rCorr    .         Rampage  .   (no gloves)
Will     .....                  (no boots)
Stlth    ..........             (no amulet)
HPRegen  0.21/turn              (no ring)
MPRegen  0.13/turn              (no ring)

@: lethally poisoned (-6 -> -27), very slow
A: permanent stasis, dig shafts and tunnels, antennae 3, four strong arms,
talons 1, clever 1, cold resistance 1
a: Dig, Renounce Religion, Bend Time


You were in the Dungeon.
You worshipped Cheibriados.
Cheibriados was pleased with you.
You visited 1 branch You collected 35 gold pieces.

Inventory:

Hand Weapons
 a - a +0 long sword
 o - a +2 long sword of holy wrath (weapon)
Missiles
 i - 18 sling bullets
Armour
 b - a +0 scale mail (worn)
 c - a +0 kite shield (worn)
Scrolls
 h - 3 scrolls of identify {unknown}
 j - a scroll of holy word {unknown}
 l - a scroll of torment {unknown}
Potions
 e - a potion of curing
 f - a potion of heal wounds
 g - 2 potions of magic
 k - 3 potions of flight
 m - a potion of haste {unknown}
 n - a potion of mutation
Miscellaneous
 d - a lightning rod (4/4)


   Skills:
 + Level 8.5 Fighting
 + Level 10.2 Long Blades
 + Level 8.5 Armour
 + Level 6.4 Dodging
 - Level 9.2 Shields
 + Level 6.6 Invocations


You had 7 spell levels left.
You didn't know any spells.
Your spell library contained the following spells:

 Spells                   Type           Power      Damage    Failure   Level
 Magic Dart               Conj           0%         1d3       43%         1
 Searing Ray              Conj           0%         3d3       58%         2
 Dazzling Flash           Conj/Hex       0%         N/A       82%         3
 Fulminant Prism          Conj/Hex       0%         3d6       99%         4
 Iskenderun's Mystic Bla  Conj/Tloc      0%         2d3       99%         4


Dungeon Overview and Level Annotations

Branches:
Dungeon (1/1)

Altars:
Cheibriados
Dithmenos
Elyvilon
Fedhas
Gozag
Hepliaklqana
Kikubaaqudgha
Makhleb
Nemelex Xobeh
Okawaru
Qazlal
Ru
Sif Muna
Trog
Uskayaw
Vehumet
Wu Jian
Xom
Yredelemnul
Zin
The Shining One
Beogh
Jiyva
Lugonu

Annotations:
D Erica


Innate Abilities, Weirdness & Mutations

You cannot be hasted, slowed, berserked, paralysed or teleported.
You can dig through walls and to a lower floor.
You have a pair of large antennae on your head. (SInv)
Your four strong arms can wield two-handed weapons with a shield.
You have sharp toenails.
Your mind is acute. (Int +2)
Your flesh is cold resistant. (rC+)


Message History

You enter the shallow water.
Moving in this stuff is going to be slow.
You enter the shallow water.
Moving in this stuff is going to be slow.
Erica shouts!
Erica casts a spell at you.
Your stasis prevents you from being slowed.
Erica gestures at you while chanting. You resist with significant effort.
Erica casts a spell at you. The bolt of poison hits you!!
You are poisoned.
You slash Erica! You claw Erica.
Erica is moderately wounded.
You feel sick. Erica casts a spell at you. You block the lance of force.
Okay, then.
You slash Erica! You claw Erica.
Erica is heavily wounded.
You feel sick. Erica hits you but does no damage.
You closely miss Erica. Your kick misses Erica.
Erica is heavily wounded.
You feel sick.
You completely miss Erica. Your kick misses Erica.
Erica is heavily wounded.
You feel sick.
Erica hits you with a +2 scimitar of flaming!
Erica burns you.
You closely miss Erica. Your kick misses Erica.
Erica is heavily wounded.
You feel sick. Erica misses you.
You riposte.
You slash Erica! You claw Erica.
Erica is severely wounded.
You hit Erica. Your kick misses Erica.
Erica is severely wounded.
You feel sick. Erica gestures at you while chanting.
The bolt of poison hits you!!
You are lethally poisoned!
You die... ♣.#___#___#__# ♣.#...#__.#._# {{{{{{ ♣♣♣)###÷#'###)## {{{{{{ ♣.♣.#..........# {{{{{{

..♣.'.⌠........#
≈...#...######'#
....#.⌠.#__#...#+#####
....#...#__#...#.@§§≈+
....#)###__#...#@#§§§#
....#...#__#...'.#§§@#
....#___#__'...#.#.§§#
{
▓▓▓▓▓▓▓▓▓▓▓▓▓▓▓▓▓▓▓▓▓
{ { { { {{ { {{


You could see Erica.

Vanquished Creatures
  A deep elf pyromancer (D)
  A shadow (D)
  A spatial vortex (D)
  A necrophage (D)
  A water elemental (D)
  A scorpion (D)
  A jelly (D)
  A wizard (D)
  A necromancer (D)
  A kobold demonologist (D)
  3 humans (D)
  An endoplasm (D)
  3 rats (D)
17 creatures vanquished.

Notes
Turn   | Place    | Note
-------+----------+-------------------------------------------
     0 | D        | rocky1 the Formicid Fighter began the quest for the Orb.
     0 | D        | Reached XP level 1. HP: 18/18 MP: 1/1
    87 | D        | Reached skill level 4 in Long Blades
    87 | D        | Reached skill level 5 in Shields
    87 | D        | Reached XP level 2. HP: 15/24 MP: 2/2
    87 | D        | Reached XP level 3. HP: 18/29 MP: 3/3
   207 | D        | Noticed a scorpion
   219 | D        | Killed a scorpion
   220 | D        | Reached skill level 6 in Long Blades
   220 | D        | Reached XP level 4. HP: 17/35 MP: 4/4
   394 | D        | Gained mutation: You occasionally shout uncontrollably at
                  | your foes. [potion of mutation]
   394 | D        | Gained mutation: Armour fits poorly on your strangely
                  | shaped body. [potion of mutation]
   395 | D        | Lost mutation: You occasionally shout uncontrollably at
                  | your foes. [potion of mutation]
   395 | D        | Lost mutation: Armour fits poorly on your strangely shaped
                  | body. [potion of mutation]
   395 | D        | Gained mutation: Potions are less effective at restoring
                  | your health. [potion of mutation]
   395 | D        | Gained mutation: You evolve. [potion of mutation]
   395 | D        | Gained mutation: You have sharp toenails. [potion of
                  | mutation]
   396 | D        | Lost mutation: Potions are less effective at restoring your
                  | health. [potion of mutation]
   396 | D        | Lost mutation: You evolve. [potion of mutation]
   396 | D        | Gained mutation: Your mind is acute. (Int +2) [potion of
                  | mutation]
   396 | D        | Gained mutation: Your flesh is cold resistant. (rC+)
                  | [potion of mutation]
   415 | D        | Noticed a water elemental
   419 | D        | Killed a water elemental
   420 | D        | Reached skill level 7 in Long Blades
   420 | D        | Reached XP level 5. HP: 34/41 MP: 5/5
   438 | D        | Reached skill level 1 in Dodging
   438 | D        | Noticed a shadow
   443 | D        | Killed a shadow
   444 | D        | Reached skill level 5 in Fighting
   444 | D        | Reached skill level 8 in Long Blades
   444 | D        | Reached skill level 5 in Armour
   444 | D        | Reached XP level 6. HP: 40/52 MP: 6/6
   451 | D        | Found a blossoming altar of Fedhas.
   451 | D        | Found a stormy altar of Qazlal.
   451 | D        | Found a snail-covered altar of Cheibriados.
   451 | D        | Found a burning altar of Makhleb.
   451 | D        | Found a shimmering altar of Xom.
   451 | D        | Noticed a spatial vortex
   452 | D        | Found a hazy altar of Hepliaklqana.
   452 | D        | Found an opulent altar of Gozag.
   452 | D        | Found a sparkling altar of Nemelex Xobeh.
   452 | D        | Found a corrupted altar of Lugonu.
   452 | D        | Found a viscous altar of Jiyva.
   455 | D        | Became a worshipper of Cheibriados the Contemplative
   460 | D        | Killed a spatial vortex
   461 | D        | Reached XP level 7. HP: 49/59 MP: 6/9
   480 | D        | Found a basalt altar of Yredelemnul.
   480 | D        | Found a shadowy altar of Dithmenos.
   480 | D        | Found a sacrificial altar of Ru.
   487 | D        | Reached * piety under Cheibriados
   488 | D        | Reached skill level 9 in Long Blades
   661 | D        | Found a glowing silver altar of Zin.
   661 | D        | Found a glowing golden altar of the Shining One.
   661 | D        | Found a white marble altar of Elyvilon.
   665 | D        | Noticed a deep elf pyromancer
   678 | D        | Killed a deep elf pyromancer
   679 | D        | Reached skill level 5 in Dodging
   679 | D        | Reached skill level 5 in Invocations
   679 | D        | Reached XP level 8. HP: 63/68 MP: 6/12
   724 | D        | Found a radiant altar of Vehumet.
   724 | D        | Found a shimmering blue altar of Sif Muna.
   724 | D        | Found an ancient bone altar of Kikubaaqudgha.
   731 | D        | Reached ** piety under Cheibriados
   799 | D        | Found a hide-covered altar of Uskayaw.
   799 | D        | Found an iron altar of Okawaru.
   799 | D        | Found a bloodstained altar of Trog.
   799 | D        | Found an ornate altar of the Wu Jian Council.
   799 | D        | Noticed a human
   799 | D        | Noticed a human
   809 | D        | Killed a human
   810 | D        | Reached skill level 10 in Long Blades
   820 | D        | Killed a human
   947 | D        | Noticed Erica
   964 | D        | Killed from afar by Erica

Illustrated notes

Levels and vault maps discovered:
D:        dungeon_sprint_mu [sprint_mu_entry_forest, sprint_mu_temple_rooms,
          sprint_mu_d1_horrors, sprint_mu_d2_genie, sprint_mu_d3_branching,
          sprint_mu_orc_legion, sprint_mu_elf_gauntlet, sprint_mu_hive_nellie,
          sprint_mu_lair_fedhas, sprint_mu_vaults_butterflies,
          sprint_mu_slime_circle, sprint_mu_shoals_archi,
          sprint_mu_snake_twists, sprint_mu_blade_basic,
          sprint_mu_crypt_chambers, sprint_mu_tomb_spiral,
          sprint_mu_vestibule_basic, sprint_mu_gehenna_hellfire,
          sprint_mu_dis_giant, sprint_mu_tartarus_statrot,
          sprint_mu_cocytus_islands, sprint_mu_zot1]

Skill      XL: |  1  2  3  4  5  6  7  8 |
---------------+-------------------------+-----
Shields        | 5 7 9 |  9.2
Long Blades    | 4 6 7 8 9 10 | 10.2
Dodging        | 3 4 5 6 |  6.4
Fighting       | 5 6 8 |  8.5
Armour         | 5 6 8 |  8.5
Invocations    | 2 5 6 |  6.6

Action                   |  1- 3 |  4- 6 |  7- 9 || total
-------------------------+-------+-------+-------++-------
Melee: Long sword        |    26 |    14 |    42 ||    82
       Kick              |       |     5 |    18 ||    23
Invok: Bend Time         |       |       |     2 ||     2
  Use: Potion            |       |     4 |       ||     4
Armor: Scale mail        |    11 |     2 |     2 ||    15
Dodge: Dodged            |     6 |     1 |     7 ||    14
Block: Kite shield       |     8 |     6 |    11 ||    25
       Rpst.: Long sword |     1 |     1 |     4 ||     6

Table legend: (Time is in decaauts)
 A = Elapsed time spent in this place.
 B = Non-inter-level travel time spent in this place.
 C = Inter-level travel time spent in this place.
 D = Time resting spent in this place.
 E = Time spent auto-exploring this place.
 F = Levels seen in this place.
 G = Mean time per level.
                   A        B        C        D        E       F      G
               +--------+--------+--------+--------+--------+-----+--------+
         Total |   1025 |   1025 |      0 |    632 |      0 |   1 | 1025.0 |
       Dungeon |   1025 |   1025 |      0 |    632 |      0 |   1 | 1025.0 |
               +--------+--------+--------+--------+--------+-----+--------+

Top non-repeatable levels by time:
       D: 1025 daAuts
